 Dungeon Crawl Stone Soup version 0.28.0-49-g6dfe1f597d (webtiles) character file.

Game seed: 14742247725998523527

199 101zpm the Magician (level 6, -1/40 HPs)
             Began as a Djinni Fire Elementalist on May 11, 2022.
             Slain by an adder (2 damage)
             ... on level 3 of the Dungeon.
             The game lasted 00:03:08 (4246 turns).

101zpm the Magician (Djinni Fire Elementalist)      Turns: 4246, Time: 00:03:09

Health: -1/40      AC:  2    Str:  7    XL:     6   Next: 6%
Gold:   86         EV: 12    Int: 19    God:
                   SH:  0    Dex: 13

rFire   + + .      SeeInvis .   (no weapon)
rCold   x . .      Faith    .   (no shield)
rNeg    . . .      Spirit   .   a - +0 robe
rPois   ∞          Reflect  .   (no helmet)
rElec   .          Harm     .   (no cloak)
rCorr   .          Rampage  .   (no gloves)
Will    .....                   (boots unavailable)
Stlth   ++........              (no amulet)
HPRegen 0.13/turn               (no ring)
MPRegen 0.00/turn               (no ring)

@: flying
A: sickness immunity, fire resistance 2, cold vulnerability 1, float, innate
caster, HP casting, extra vitality 1
a: no special abilities


You were on level 3 of the Dungeon.
You visited 1 branch of the dungeon, and saw 3 of its levels.

You collected 86 gold pieces.

Inventory:

Armour
 a - a +0 robe (worn)
Wands
 g - a wand of iceblast (10)
Scrolls
 d - 2 scrolls of immolation {unknown}
 e - 2 scrolls of teleportation {unknown}
 f - 2 scrolls of fog {unknown}
 h - 3 scrolls of identify {unknown}
Potions
 b - 2 potions of brilliance {unknown}
 c - a potion of mutation {unknown}
 i - a potion of flight {unknown}


   Skills:
 + Level 2.4 Dodging
 + Level 2.2 Stealth
 + Level 4.5 Spellcasting


You couldn't memorise any spells.
You knew the following spells:

 Your Spells              Type           Power      Damage    Failure   Level
a - Foxfire               Conj/Fire      84%        2x1d8     1%          1
b - Scorch                Fire           42%        2d7       3%          2
c - Conjure Flame         Conj/Fire      21%        6-21      6%          3
d - Inner Flame           Hex/Fire       21%        N/A       6%          3
e - Flame Wave            Conj/Fire      21%        2d7       21%         4
f - Beastly Appendage     Tmut           42%        N/A       1%          1
g - Blink                 Tloc           42%        N/A       3%          2
Your spell library was empty.

Dungeon Overview and Level Annotations

Branches:
Dungeon (3/15)

Altars:
Cheibriados
Uskayaw
Zin

Shops:
D:1 *

Annotations:
D:3 2 runed translucent doors, 2 transporters


Innate Abilities, Weirdness & Mutations

You are immune to sickness and miasma.
You are immune to poison.
Your flesh is very heat resistant. (rF++)
You are vulnerable to cold. (rC-)
You float through the air rather than walking.
You learn spells naturally, not from books.
Your magical power is your life essence.
You have superior vitality. (+4 MHP)


Message History

Confirm with . or Enter, or press ? or * to list all spells.
Aiming: Inner Flame (dangerous; 7% risk of failure)
Press: ? - help, Dir - move target, f - orc
Aim: an orc, wielding a +0 hand axe and wearing a +0 leather armour (chance to affect: 87%)
The orc barely resists.
* * * LOW HITPOINT WARNING * * *
The foxfire hits something.
Flame seeps out of something.
Casting: Foxfire (safe; 2% risk of failure)
Press: ? - help, Q - select action, (/) - cycle Dir - look around, f - activate You conjure some foxfire!
* * * LOW HITPOINT WARNING * * *
The foxfire hits something but does no damage.
Reactivating autopickup.
You feel a bit more experienced.
The orc wizard explodes!
The fiery explosion engulfs the orc!!
You kill the orc!
The fiery explosion engulfs the goblin!!
The fiery explosion engulfs the orc!!
You kill the orc!
The goblin explodes!
You have reached level 6!
You are too injured to fight recklessly!
Your foxfire dissipates! x2
An adder comes into view.
Casting: Foxfire (safe; 1% risk of failure)
Confirm with . or Enter, or press ? or * to list all spells.
Aiming: Inner Flame (dangerous; 6% risk of failure)
Press: ? - help, Dir - move target, f - adder
Aim: an adder (wandering, hasn't noticed you, chance to affect: 83%)
The adder hisses angrily.
The adder is filled with an inner flame.
* * * LOW HITPOINT WARNING * * *
You are too injured to fight recklessly!
You see here a worm corpse.
Casting: Foxfire (safe; 1% risk of failure)
Press: ? - help, Q - select action, (/) - cycle Dir - look around, f - activate You conjure some foxfire!
* * * LOW HITPOINT WARNING * * *
The adder bites you.
You die...

##.# ##..).## #.# #)) #.#
#....########.# #)# #.#
#.............###)# ###.#
#..#####.......##S#
.##.#####..# #.#####.##.#
...........# #.#####.##.#
.#.........# #.#.....†..#
.########..#####vS#.##.####
...............v@###...#
#########..######.#.####
#..# ##.## #..# #.# #..#
#.# #########..# #.# #####
...........# #.######...#
.########.## #....#.....#
## ##.#.## ##...#†....#


You could see an adder (inner flame, ally target).

Vanquished Creatures
  An orc priest (D:3)
  An orc wizard (D:3)
  3 gnolls (D:2)
  4 adders (D:3)
  3 worms
  2 dart slugs
  10 orcs (D:3)
  2 endoplasms
  3 giant cockroaches
  5 goblins
  4 hobgoblins
  2 jackals (D:3)
  2 kobolds
  3 quokkas (D:2)
  5 ball pythons
  5 bats
  2 frilled lizards
  3 rats
60 creatures vanquished.

Vanquished Creatures (others)
  347 foxfires
347 creatures vanquished.

Grand Total: 407 creatures vanquished

Notes
Turn   | Place    | Note
-------+----------+-------------------------------------------
     0 | D:1      | 101zpm the Djinni Fire Elementalist began the quest for the
                  | Orb.
     0 | D:1      | Reached XP level 1. HP: 15/15 MP: 0/0
   464 | D:1      | Reached XP level 2. HP: 18/21 MP: 0/0
   962 | D:1      | Found Catull's Assorted Antiques.
  1415 | D:2      | Reached skill level 3 in Spellcasting
  1418 | D:2      | Reached XP level 3. HP: 20/25 MP: 0/0
  1418 | D:2      | Learned a level 1 spell: Beastly Appendage
  2249 | D:2      | Reached XP level 4. HP: 21/31 MP: 0/0
  2669 | D:2      | Identified the +3 robe of Hubris {Harm Will+}
  2766 | D:2      | Found a faded altar of an unknown god.
  3049 | D:3      | Reached XP level 5. HP: 19/35 MP: 0/0
  3049 | D:3      | Learned a level 2 spell: Blink
  3050 | D:3      | Reached skill level 4 in Spellcasting
  3248 | D:3      | Found a large runed translucent door.
  3248 | D:3      | Found a large runed translucent door.
  3763 | D:3      | Noticed a water moccasin
  3764 | D:3      | Found a hide-covered altar of Uskayaw.
  3802 | D:3      | Found a glowing silver altar of Zin.
  3802 | D:3      | Found a transporter.
  3860 | D:3      | Found a transporter.
  3868 | D:3      | Found a snail-covered altar of Cheibriados.
  4233 | D:3      | Reached XP level 6. HP: 4/40 MP: 0/0
  4246 | D:3      | Slain by an adder

Illustrated notes

Levels and vault maps discovered:
D:1:      minmay_arrival_four_circles, layout_loops_cross, serial_shops,
          nicolae_shop_behind_doors
D:2:      layout_rooms, shapermc_ecumenical_altar_ellora, basic_altar
D:3:      layout_loops_ring, gammafunk_temple_overflow_arena,
          jmf_multi_god_temple2, hangedman_decor_push

Skill      XL: |  1  2  3  4  5 |
---------------+----------------+-----
Spellcasting   | 3 4 |  4.5
Stealth        | 2 |  2.2
Dodging        | |  2.4

Action                   |  1- 3 |  4- 6 || total
-------------------------+-------+-------++-------
 Cast: Foxfire           |   100 |   131 ||   231
       Scorch            |     3 |     4 ||     7
       Inner Flame       |       |     9 ||     9
Dodge: Dodged            |     1 |     1 ||     2
